 Dungeon Crawl Stone Soup version 0.29-a0-1033-gb6c65ffae6 (webtiles) character file.

Game seed: 11387254049316193853

14 xian the Vexing (level 2, -1/21 HPs)
             Began as a Human Arcane Marksman on Aug 14, 2022.
             Slain by a rat (2 damage)
             ... on level 1 of the Dungeon.
             The game lasted 00:01:15 (172 turns).

xian the Vexing (Human Arcane Marksman)              Turns: 172, Time: 00:01:15

Health: -1/21      AC:  2    Str: 10    XL:     2   Next: 55%
Magic:  2/3        EV: 12    Int: 13    God:
Gold:   17         SH:  0    Dex: 13    Spells: 2/3 levels left

rFire   . . .      SeeInvis .   a - +1 sling
rCold   . . .      Faith    .   (no shield)
rNeg    . . .      Spirit   .   c - +0 robe
rPois   .          Reflect  .   (no helmet)
rElec   .          Harm     .   (no cloak)
rCorr   .          Rampage  .   (no gloves)
Will    .....                   (no boots)
Stlth   +.........              (no amulet)
HPRegen 0.07/turn               (no ring)
MPRegen 0.08/turn               (no ring)

@: no status effects
A: no striking features
a: no special abilities


You were on level 1 of the Dungeon.
You visited 1 branch of the dungeon, and saw 1 of its levels.

You collected 17 gold pieces.

Inventory:

Hand Weapons
 a - a +1 sling (weapon)
Armour
 c - a +0 robe (worn)
Scrolls
 b - a scroll of poison
 d - a scroll of identify {unknown}
 f - a scroll of torment {unknown}
Potions
 e - a potion of curing {unknown}


   Skills:
 + Level 1.0 Fighting
 + Level 2.2 Ranged Weapons
 + Level 2.2 Dodging
 + Level 1.0 Spellcasting
 + Level 3.4 Hexes


You had 2 spell levels left.
You knew the following spells:

 Your Spells              Type           Power      Damage    Failure   Level
a - Slow                  Hex            36%        N/A       7%          1

Your spell library contained the following spells:

 Spells                   Type           Power      Damage    Failure   Level
 Inner Flame              Hex/Fire       5%         N/A       38%         3
 Portal Projectile        Hex/Tloc       10%        N/A       38%         3
 Cause Fear               Hex            4%         N/A       56%         4


Dungeon Overview and Level Annotations

Branches:
Dungeon (1/15)

Altars:


Message History

Fire: a) +1 sling
Press: ? - help, Q - select action, (/) - cycle Shift-Dir - straight line, f - kobold
Aim: a kobold, wielding a +0 dagger (47% to hit)
You shoot a sling bullet.
The sling bullet barely misses the kobold.
The sling bullet hits the kobold.
You kill the kobold!
Fire: a) +1 sling
Press: ? - help, Q - select action, (/) - cycle Shift-Dir - straight line, f/p - kobold
Aim: a kobold, wielding a +0 dagger (47% to hit)
You shoot a sling bullet.
The sling bullet barely misses the kobold.
A rat comes into view.
The kobold barely misses you.
Fire: a) +1 sling
Press: ? - help, Q - select action, (/) - cycle Shift-Dir - straight line, f/p - kobold
Aim: a kobold, wielding a +0 dagger (47% to hit)
You shoot a sling bullet. The sling bullet hits the kobold.
You kill the kobold!
Unknown command.
Fire: a) +1 sling
Press: ? - help, Q - select action, (/) - cycle Shift-Dir - straight line, f - rat
Aim: a rat (56% to hit)
You shoot a sling bullet.
The sling bullet hits the rat but does no damage.
Unknown command.
Fire: a) +1 sling
Press: ? - help, Q - select action, (/) - cycle Shift-Dir - straight line, f/p - rat
Aim: a rat (56% to hit)
You shoot a sling bullet. The sling bullet hits the rat.
The rat is heavily wounded.
The rat closely misses you.
Fire: a) +1 sling
Press: ? - help, Q - select action, (/) - cycle Shift-Dir - straight line, f/p - rat
Aim: a rat (56% to hit)
You shoot a sling bullet. The sling bullet barely misses the rat.
The rat bites you.
* * * LOW HITPOINT WARNING * * *
The rat bites you.
You die...

#.##..........#
######....#........#
#........###....)...#
..######............#####
. ####....#....#...## #.
####...........#
#.#########†..........
#...#.................
#.r@................
#..)...............#
#.............#...##
#....).....########
#..........#
#####..).......#
..............##
..####........## .
#..........#


You could see a rat.

Vanquished Creatures
  A ball python (D:1)
  An endoplasm (D:1)
  A hobgoblin (D:1)
  2 jackals (D:1)
  2 frilled lizards (D:1)
  2 goblins (D:1)
  4 kobolds (D:1)
13 creatures vanquished.

Notes
Turn   | Place    | Note
-------+----------+-------------------------------------------
     0 | D:1      | xian the Human Arcane Marksman began the quest for the Orb.
     0 | D:1      | Reached XP level 1. HP: 15/15 MP: 2/2
    76 | D:1      | Reached XP level 2. HP: 21/21 MP: 3/3
   172 | D:1      | HP: 1/21 [rat (3)]
   172 | D:1      | Slain by a rat

Illustrated notes

Levels and vault maps discovered:
D:1:      dpeg_arrival_tiny_a, layout_rooms

Action                   || total
-------------------------++-------
 Fire: Sling             ||    38
 Cast: Slow              ||     2
Armor: Robe              ||     8
Dodge: Dodged            ||    27

Table legend: (Time is in decaauts)
 A = Elapsed time spent in this place.
 B = Non-inter-level travel time spent in this place.
 C = Inter-level travel time spent in this place.
 D = Time resting spent in this place.
 E = Time spent auto-exploring this place.
 F = Levels seen in this place.
 G = Mean time per level.
                   A        B        C        D        E       F      G
               +--------+--------+--------+--------+--------+-----+--------+
         Total |    182 |    182 |      0 |      0 |    102 |   1 |  182.0 |
       Dungeon |    182 |    182 |      0 |      0 |    102 |   1 |  182.0 |
               +--------+--------+--------+--------+--------+-----+--------+

Top non-repeatable levels by time:
     D:1: 182 daAuts
